 Dungeon Crawl Stone Soup version 0.19.4-8-ga85b6b9 (webtiles) character file.

91 Lennu the Slasher (level 4, -4/34 HPs)
             Began as a Demonspawn Gladiator on Feb 6, 2017.
             Killed from afar by an orc wizard (6 damage)
             ... with a magic dart
             ... on level 4 of the Dungeon.
             The game lasted 00:03:53 (1903 turns).

Lennu the Slasher (Demonspawn Gladiator)            Turns: 1903, Time: 00:03:54

Health: -4/34      AC:  6    Str: 16    XL:     4   Next: 33%
Magic:  4/4        EV: 13    Int:  9    God:
Gold:   82         SH:  0    Dex: 14    Spells: 0 memorised, 3 levels left

rFire  . . .     SeeInvis .     a - +0 long sword
rCold  . . .     Gourm    .     b - +0 leather armour
rNeg   . . .     Faith    +     (no shield)
rPois  .         Spirit   .     c - +0 helmet
rElec  .         Reflect  .     (no cloak)
rCorr  .         Harm     .     (no gloves)
MR     .....                    (no boots)
Stlth  +.........               k - amulet of faith
                                (no ring)
                                (no ring)

@: no status effects
A: iridescent scales 1
a: no special abilities


You were on level 4 of the Dungeon.
You were not hungry.

You visited 1 branch of the dungeon, and saw 4 of its levels.

You collected 82 gold pieces.

Inventory:

Hand Weapons
 a - a +0 long sword (weapon)
Missiles
 d - a throwing net (quivered)
Armour
 b - a +0 leather armour (worn)
 c - a +0 helmet (worn)
Jewellery
 k - an amulet of faith (around neck)
Scrolls
 j - a scroll of teleportation {unknown}
 m - a scroll of recharging {unknown}
 p - a scroll of enchant weapon {unknown}
 q - 2 scrolls of enchant armour {unknown}
Potions
 g - 2 potions of curing
 i - 2 potions of heal wounds
 n - a potion of brilliance {unknown}
 o - a potion of haste {unknown}
Comestibles
 f - 3 bread rations
 l - a slice of pizza


   Skills:
 + Level 2.7 Fighting
 + Level 3.4 Long Blades
 + Level 2.0 Throwing
 + Level 0.8 Armour
 + Level 3.3 Dodging


You had 3 spell levels left.
You didn't know any spells.

Dungeon Overview and Level Annotations

Branches:
Dungeon (4/15)
 Temple: D:4-7

Altars:
Zin


Innate Abilities, Weirdness & Mutations

You are partially covered in iridescent scales. (AC +2)


Message History

* * * LOW HITPOINT WARNING * * *
The orc hits you with a flail.
* * * LOW HITPOINT WARNING * * *
The ooze hits you but does no damage.
The orc wizard hits you but does no damage.
The ooze misses you. The orc wizard misses you. The orc hits you with a flail.
* * * LOW HITPOINT WARNING * * *
The ooze barely misses you. The orc wizard hits you with a dagger.
* * * LOW HITPOINT WARNING * * *
The orc barely misses you. The ooze misses you.
The orc wizard hits you but does no damage.
The orc closely misses you. The ooze hits you but does no damage.
The orc wizard completely misses you. The orc closely misses you.
The ooze barely misses you.
You riposte.
You hit the ooze.
The ooze is moderately wounded.
The orc wizard gestures at you while chanting.
The magic dart hits you!
You die...

##...##.....#
##.....##..[.#
###.......#....#
#....._.....####
#.#.(.....#....#
##.##....(##....#
##...##...##.....#
#.....##.##..†...#
....#......#....@o...#
....#......#...o†J...#
....#......#.........#
...###.....#.........#
...###.....#.........#
...........#...........
...........#............
...........#............
...........#


You could see an orc wizard, an ooze and an orc.

Vanquished Creatures
  Jessica (D:2)
  2 adders (D:2)
  A dart slug (D:1)
  2 leopard geckos
  3 orcs (D:4)
  3 giant cockroaches
  6 goblins
  5 hobgoblins
  3 jackals (D:2)
  4 kobolds
  A quokka (D:2)
  3 bats
  A frilled lizard (D:1)
  5 rats
40 creatures vanquished.

Notes
Turn   | Place    | Note
-------+----------+-------------------------------------------
     0 | D:1      | Lennu the Demonspawn Gladiator began the quest for the Orb.
     0 | D:1      | Reached XP level 1. HP: 16/16 MP: 1/1
   199 | D:1      | Gained mutation: You are partially covered in iridescent scales. (AC +2) [demonic ancestry]
   199 | D:1      | Reached XP level 2. HP: 12/22 MP: 2/2
  1072 | D:2      | Noticed Jessica
  1105 | D:2      | Killed Jessica
  1105 | D:2      | Reached XP level 3. HP: 22/28 MP: 3/3
  1418 | D:2      | Reached XP level 4. HP: 22/34 MP: 4/4
  1875 | D:4      | Found a glowing silver altar of Zin.
  1903 | D:4      | Killed from afar by an orc wizard

Skill      XL: |  1  2 |
---------------+-------+-----
Dodging        | 3 |  3.3
Throwing       | 2 |  2.0
Long Blades    | 3 |  3.4
Fighting       | |  2.7
Armour         | |  0.8

Action                   |  1- 3 |  4- 6 || total
-------------------------+-------+-------++-------
Melee: Long sword        |    88 |    18 ||   106
Throw: Throwing net      |     4 |       ||     4
  Use: Scroll            |       |     1 ||     1
 Stab: Sleeping          |     1 |       ||     1
  Eat: Chunk             |     2 |     1 ||     3
Armor: Leather armour    |    40 |    21 ||    61
Dodge: Dodged            |    82 |    49 ||   131
       Rpst.: Long sword |    25 |    13 ||    38
